 Dungeon Crawl Stone Soup version 0.31-a0-1338-gb567cfdca4 (webtiles) character file.

Game seed: 15203605951432007425

12098 pokeman the Eclecticist (level 11, -7/61 HPs)
             Began as a Deep Elf Hedge Wizard on Dec 22, 2023.
             Was a Priest of Vehumet.
             Mangled by a yak (10 damage)
             ... on level 10 of the Dungeon.
             The game lasted 00:28:32 (11506 turns).

pokeman the Eclecticist (Deep Elf Hedge Wizard)    Turns: 11506, Time: 00:28:32

Health: -7/61      AC:  4    Str:  7    XL:     11   Next: 58%
Magic:  14/32      EV: 13    Int: 24    God:    Vehumet [***...]
Gold:   380        SH:  0    Dex: 14    Spells: 29/41 levels left

rFire   . . .        y - +3 arbalest "Loloaloo" {penet, ^Contam +Blink rPois Will+++}
rCold   . . .        (shield currently unavailable)
rNeg    . . .        b - +0 robe
rPois   +            c - +0 hat
rElec   .            (no cloak)
rCorr   .            a - +0 pair of gloves
SInv    +            k - +0 pair of boots
Will    ++++.        (no amulet)
Stlth   ++           m - ring of see invisible
HPRegen 0.30/turn    (no ring)
MPRegen 0.23/turn

%: no passive effects
@: no status effects
A: no striking features
a: Renounce Religion, Evoke Blink


You were on level 10 of the Dungeon.
You worshipped Vehumet.
Vehumet was most pleased with you.
You visited 1 branch of the dungeon, and saw 10 of its levels.
You also visited: Bailey.

You collected 541 gold pieces.
You spent 161 gold pieces at shops.

Inventory:

Hand Weapons
 y - the +3 arbalest "Loloaloo" (weapon) {penet, ^Contam +Blink rPois Will+++}
   (You bought it in a shop on level 5 of the Dungeon)

   rPois:     It protects you from poison Will+++: It greatly increases your
   willpower.
   +Blink:    It lets you blink.
   ^Contam:   It causes magical contamination when unequipped.
 F - a +0 spear of pain
Missiles
 w - a curare-tipped dart
 D - a throwing net
Armour
 a - a +0 pair of gloves (worn)
 b - a +0 robe (worn)
 c - a +0 hat (worn)
 k - a +0 pair of boots (worn)
 G - a +0 buckler
Magical Staves
 f - a staff of earth
Jewellery
 m - a ring of see invisible (left hand)
 M - an amulet of guardian spirit
Wands
 u - a wand of polymorph (17)
 E - a wand of flame (23)
 I - a wand of digging (7)
Scrolls
 e - a scroll of silence {unknown}
 i - 11 scrolls of identify {unknown}
 j - a scroll of acquirement {unknown}
 l - 4 scrolls of noise {unknown}
 n - 2 scrolls of amnesia {unknown}
 o - 7 scrolls of teleportation {unknown}
 p - 2 scrolls of poison {unknown}
 q - 3 scrolls of blinking {unknown}
 x - 4 scrolls of revelation {unknown}
 z - 4 scrolls of enchant armour {unknown}
 B - 2 scrolls of immolation {unknown}
 K - a scroll of butterflies {unknown}
Potions
 d - 2 potions of magic
 g - 4 potions of curing {unknown}
 h - 3 potions of cancellation
 r - 3 potions of heal wounds {unknown}
 s - a potion of ambrosia {unknown}
 t - 4 potions of haste {unknown}
 v - 3 potions of attraction {unknown}
 A - 2 potions of invisibility {unknown}
 C - a potion of degeneration {unknown}
 H - 2 potions of might {unknown}
 J - 4 potions of resistance {unknown}
 L - a potion of brilliance {unknown}


   Skills:
 - Level 4.0 Fighting
 + Level 4.4 Armour
 - Level 3.0 Dodging
 - Level 3.0 Stealth
 - Level 1.0 Shields
 * Level 15.6 Spellcasting
 + Level 9.2 Conjurations
 - Level 1.1 Summonings
 - Level 2.0 Necromancy
 - Level 1.1 Translocations
 + Level 5.6 Fire Magic
 - Level 1.0 Air Magic
 - Level 7.0 Earth Magic
 - Level 1.0 Alchemy
 - Level 1.0 Evocations


You had 29 spell levels left.
You knew the following spells:

 Your Spells              Type           Power      Damage    Failure   Level
a - Magic Dart            Conj           100%       1d8       1%          1
b - Mephitic Cloud        Conj/Alch/Air  36%        N/A       1%          3
c - Call Imp              Summ           48%        N/A       2%          2
d - Blink                 Tloc           48%        N/A       2%          2
e - Foxfire               Conj/Fire      100%       2x1d9     1%          1
f - Stone Arrow           Conj/Erth      100%       3d13      1%          3

Your spell library contained the following spells:

 Spells                   Type           Power      Damage    Failure   Level
 Volatile Blastmotes      Fire/Tloc      68%        2d15      1%          3
 Sandblast                Erth           100%       2d20      1%          1
 Passwall                 Alch/Erth      30%        N/A       1%          2
 Brom's Barrelling Bould  Conj/Erth      55%        2d7       1%          4
 Cigotuvi's Dreadful Rot  Necr/Alch/Air  50%        N/A       2%          2
 Slow                     Hex            72%        N/A       3%          1


Dungeon Overview and Level Annotations

Branches:
Dungeon (10/15)            Temple (0/1) D:7          Bailey (visited)
   Lair: D:8-11         Orc: D:9-12

Altars:
Elyvilon
Gozag
Kikubaaqudgha
Nemelex Xobeh
Okawaru
Qazlal
Ru
Vehumet
Yredelemnul
The Shining One

Shops:
D:5 (


Message History

Press: ? - help, Shift-Dir - straight line, f/p - yak
Aim: a yak (severely wounded, 87% to hit)
The stone arrow hits the yak!!
You kill the yak!
Vehumet accepts your kill.
You feel your power returning.
Casting: Stone Arrow (safe; 1% risk of failure)
Confirm with . or Enter, or press ? or * to list all spells.
Aiming: Stone Arrow (safe; 1% risk of failure)
Press: ? - help, Shift-Dir - straight line, f - two-headed ogre, p - yak
Aim: a two-headed ogre, wielding a +0 great mace and a +0 giant club (severely wounded, confused, 98% to hit)
The stone arrow hits the two-headed ogre!!
The two-headed ogre is almost dead.
Unknown command.
Casting: Stone Arrow (safe; 1% risk of failure)
Confirm with . or Enter, or press ? or * to list all spells.
Aiming: Stone Arrow (safe; 1% risk of failure)
Press: ? - help, Shift-Dir - straight line, f/p - two-headed ogre
Aim: a two-headed ogre, wielding a +0 great mace and a +0 giant club (almost dead, confused, 98% to hit)
The stone arrow hits the two-headed ogre!!
You kill the two-headed ogre!
Vehumet accepts your kill.
You feel your power returning.
Casting: Stone Arrow (safe; 1% risk of failure)
Confirm with . or Enter, or press ? or * to list all spells.
Aiming: Stone Arrow (safe; 1% risk of failure)
Press: ? - help, Shift-Dir - straight line, f - yak
Aim: a yak (severely wounded, 87% to hit)
The stone arrow misses the yak.
The yak gores you!
* * * LOW HITPOINT WARNING * * *
Unknown command.
Casting: Stone Arrow (safe; 1% risk of failure)
Confirm with . or Enter, or press ? or * to list all spells.
Aiming: Stone Arrow (safe; 1% risk of failure)
Press: ? - help, Shift-Dir - straight line, f/p - yak
Aim: a yak (severely wounded, 87% to hit)
The stone arrow hits the yak!
The yak is almost dead.
The yak gores you!
You die...

#..........>...
#..............
#..!...!.......
#.............[.
#...........# Y#
#######.#.####..
##.........
#########†.........
#.@Y......##.......
#..###.!..†.........
#.. ##....#.....?..
##.<# ####.#........
##....###...#......
#.......##.....#
#................
##....#.##.......
#.#..#.##.......


You could see a yak.

Vanquished Creatures
  2 vault guards (Bailey)
  A centaur warrior (D:9)
  A two-headed ogre (D:10)
  A sea snake (D:5)
  An ugly thing (D:9)
  A cyclops (D:9)
  Jeremiah (D:6)
  A tengu conjurer (D:9)
  Prince Ribbit (D:6)
  A wind drake (D:5)
  A blink frog (Bailey)
  A shadow (D:10)
  4 wyverns
  10 yaks
  4 humans (Bailey)
  A steam dragon (D:9)
  Menkaure (D:6)
  An acid dragon (D:9)
  A water moccasin (D:7)
  An orc warrior (D:8)
  4 black bears
  A sky beast (D:8)
  3 ice beasts
  An ogre (D:4)
  2 centaurs
  4 kobold brigands
  A phantom (D:4)
  A gnoll sergeant (D:7)
  11 bullfrogs
  3 scorpions
  3 wights (D:8)
  5 killer bees (D:9)
  A howler monkey (D:5)
  4 jellies (D:5)
  2 hounds (D:5)
  7 orc priests
  Jessica (D:3)
  3 gnoll boudas
  5 iguanas
  6 sleepcaps
  9 orc wizards
  9 adders
  20 gnolls
  A shadow imp (D:7)
  3 white imps
  4 bombardier beetles
  2 worms
  5 dart slugs
  40 orcs
  8 endoplasms
  9 giant cockroaches
  7 hobgoblins
  2 quokkas (D:2)
  7 ball pythons
  5 bats
  3 frilled lizards (D:2)
  12 goblins
  10 kobolds
  3 rats
263 creatures vanquished.

Vanquished Creatures (collateral kills)
  2 wights (D:8)
  Terence (D:2)
  A foxfire (D:8)
4 creatures vanquished.

Vanquished Creatures (others)
  86 foxfires
86 creatures vanquished.

Grand Total: 353 creatures vanquished

Notes
Turn   | Place    | Note
-------+----------+-------------------------------------------
     0 | D:1      | pokeman the Deep Elf Hedge Wizard began the quest for the
                  | Orb.
     0 | D:1      | Reached XP level 1. HP: 10/10 MP: 7/7
   110 | D:1      | Reached XP level 2. HP: 16/16 MP: 2/9
   568 | D:1      | Reached skill level 5 in Spellcasting
   739 | D:1      | Reached XP level 3. HP: 20/20 MP: 5/11
   743 | D:1      | Learned a level 3 spell: Mephitic Cloud
   746 | D:1      | Learned a level 2 spell: Call Imp
   749 | D:1      | Learned a level 2 spell: Blink
  1164 | D:2      | Found a faded altar of an unknown god.
  1429 | D:2      | Reached skill level 1 in Armour
  1607 | D:2      | Reached skill level 1 in Fighting
  1644 | D:2      | Noticed Terence
  1685 | D:2      | Killed Terence
  1686 | D:2      | Reached XP level 4. HP: 14/25 MP: 5/13
  2385 | D:3      | Noticed Jessica
  2386 | D:3      | Killed Jessica
  2387 | D:3      | Reached skill level 6 in Spellcasting
  2391 | D:3      | Reached XP level 5. HP: 29/29 MP: 11/15
  2969 | D:3      | Reached skill level 1 in Earth Magic
  2969 | D:3      | Reached skill level 1 in Alchemy
  2969 | D:3      | Reached skill level 1 in Evocations
  3260 | D:4      | Reached skill level 1 in Air Magic
  3260 | D:4      | Reached XP level 6. HP: 34/34 MP: 10/17
  3581 | D:4      | Reached skill level 7 in Spellcasting
  3918 | D:4      | Found a stormy altar of Qazlal.
  3949 | D:4      | HP: 1/34 [burnt (6)]
  3960 | D:4      | Reached XP level 7. HP: 4/39 MP: 5/20
  4910 | D:5      | Entered Level 5 of the Dungeon
  4917 | D:5      | Reached skill level 8 in Spellcasting
  5201 | D:5      | Found a sparkling altar of Nemelex Xobeh.
  5278 | D:5      | Reached XP level 8. HP: 25/44 MP: 14/22
  5356 | D:5      | Found Wiemuli's Antique Weapon Emporium.
  5364 | D:5      | Bought a glimmering arbalest for 161 gold pieces
  5364 | D:5      | Identified the +3 arbalest "Loloaloo" {penet, ^Contam
                  | +Blink rPois Will+++} (You bought it in a shop on level 5
                  | of the Dungeon)
  5374 | D:5      | Reached skill level 9 in Spellcasting
  5609 | D:5      | Noticed a slime creature
  5619 | D:5      | Found an opulent altar of Gozag.
  5619 | D:5      | Found a radiant altar of Vehumet.
  5619 | D:5      | Found a radiant altar of Vehumet.
  5619 | D:5      | Found a sacrificial altar of Ru.
  5619 | D:5      | Found an ancient bone altar of Kikubaaqudgha.
  5619 | D:5      | Found a basalt altar of Yredelemnul.
  5619 | D:5      | Noticed a slime creature
  5851 | D:5      | a slime creature changed into a sea snake
  5851 | D:5      | Noticed a sea snake
  5856 | D:5      | a slime creature changed into a wind drake
  5856 | D:5      | Noticed a wind drake
  5862 | D:5      | Reached skill level 5 in Conjurations
  5862 | D:5      | Killed a sea snake
  5863 | D:5      | Reached skill level 10 in Spellcasting
  5865 | D:5      | Killed a wind drake
  5866 | D:5      | Reached skill level 5 in Earth Magic
  5866 | D:5      | Reached XP level 9. HP: 26/48 MP: 23/25
  5873 | D:5      | Became a worshipper of Vehumet
  6528 | D:6      | Reached skill level 11 in Spellcasting
  6606 | D:6      | Noticed Menkaure
  6618 | D:6      | Noticed Jeremiah
  6639 | D:6      | Killed Menkaure
  6749 | D:6      | Killed Jeremiah
  6921 | D:6      | Noticed Prince Ribbit
  6932 | D:6      | Killed Prince Ribbit
  7163 | D:6      | Reached skill level 12 in Spellcasting
  7484 | D:7      | Reached * piety under Vehumet
  7484 | D:7      | Offered knowledge of Foxfire by Vehumet.
  7489 | D:7      | Learned a level 1 spell: Foxfire
  7855 | D:7      | Reached XP level 10. HP: 48/56 MP: 25/28
  8063 | D:7      | Found a staircase to the Ecumenical Temple.
  8245 | D:8      | Reached skill level 1 in Necromancy
  8419 | D:8      | Reached skill level 1 in Fire Magic
  8633 | D:8      | Reached skill level 1 in Shields
  8915 | D:8      | Reached skill level 13 in Spellcasting
  9013 | D:8      | Found a white marble altar of Elyvilon.
  9154 | D:9      | Offered knowledge of Searing Ray by Vehumet.
  9156 | D:9      | Reached ** piety under Vehumet
  9225 | D:9      | Found a flagged portal.
  9295 | Bailey   | Entered a bailey
  9633 | Bailey   | Noticed a vault guard
  9654 | Bailey   | Killed a vault guard
  9654 | Bailey   | Offered knowledge of Volatile Blastmotes by Vehumet.
  9655 | Bailey   | Reached skill level 14 in Spellcasting
  9854 | Bailey   | Noticed a vault guard
  9872 | Bailey   | Killed a vault guard
  9873 | Bailey   | Reached XP level 11. HP: 55/61 MP: 24/31
 10057 | D:9      | Found an iron altar of Okawaru.
 10184 | D:9      | Found a glowing golden altar of the Shining One.
 10272 | D:9      | Found an opulent altar of Gozag.
 10381 | D:9      | Reached *** piety under Vehumet
 10704 | D:9      | Noticed a brown ugly thing
 10844 | D:9      | Noticed a centaur warrior
 10857 | D:9      | Killed a centaur warrior
 10858 | D:9      | Reached skill level 15 in Spellcasting
 10858 | D:9      | Reached skill level 5 in Fire Magic
 11036 | D:9      | Killed a brown ugly thing
 11218 | D:9      | Learned a level 3 spell: Stone Arrow
 11412 | D:10     | Entered Level 10 of the Dungeon
 11469 | D:10     | Noticed a two-headed ogre
 11504 | D:10     | Killed a two-headed ogre
 11505 | D:10     | HP: 3/61 [yak (13)]
 11506 | D:10     | Mangled by a yak

Illustrated notes

Levels and vault maps discovered:
D:1:      psy_arrival_fountain, layout_basic, minmay_worlds_worst_comb
D:2:      minmay_razor_zed, layout_rooms, shapermc_ecumenical_altar_venn,
          dk_noncrumbling_2, uniq_terence
D:3:      layout_rooms, kennysheep_another_room, uniq_jessica
D:4:      layout_loops_ring, general_overflow_altar, kennysheep_generic_room_6
D:5:      cheibrodos_fertilizer, layout_gridville, nemelex_spade_bored_becter,
          serial_shops, nicolae_shop_dealshenge
D:6:      layout_basic, hangedman_decor_clover_reticule, fountainhead,
          hangedman_decor_points, uniq_menkaure, uniq_jeremiah,
          uniq_prince_ribbit1
D:7:      layout_rooms, minmay_temple_entry_poolview, nicolae_the_louvre
D:8:      layout_loops_ring, elyvilon_altar_4
D:9:      layout_basic, mainiacjoe_overflow_alcove_2,
          mainiacjoe_overflow_catwalk, overflow_temple_1_default,
          enter_bailey_3, kb_rosetta
D:10:     layout_rooms, nzn_hepliaklqana_mist_gate, erik_orc_3

Skill      XL: |  1  2  3  4  5  6  7  8  9 10 11 |
---------------+----------------------------------+-----
Spellcasting   | 5 6 7 8 10 12 14 15 | 15.6
Armour         | 1 3 4 |  4.4
Fighting       | 1 2 3 4 |  4.0
Conjurations   | 2 3 4 5 7 8 9 |  9.2
Stealth        | 3 |  3.0
Dodging        | 3 |  3.0
Earth Magic    | 1 2 3 5 6 7 |  7.0
Alchemy        | 1 |  1.0
Evocations     | 1 |  1.0
Air Magic      | 1 |  1.0
Necromancy     | 2 |  2.0
Fire Magic     | 4 5 |  5.6
Shields        | 1 |  1.0
Summonings     | |  1.1
Translocations | |  1.1

Action                     |  1- 3 |  4- 6 |  7- 9 | 10-12 || total
---------------------------+-------+-------+-------+-------++-------
  Melee: Dagger            |    15 |       |       |       ||    15
         Punch             |     1 |       |     2 |       ||     3
         Morningstar       |       |    35 |       |       ||    35
         Falchion          |       |    42 |    41 |       ||    83
   Fire: Arbalest          |       |       |   170 |   217 ||   387
   Cast: Magic Dart        |    85 |   129 |    73 |     4 ||   291
         Mephitic Cloud    |     1 |    14 |    22 |    45 ||    82
         Call Imp          |     1 |       |     2 |     4 ||     7
         Blink             |       |     1 |     3 |     4 ||     8
         Foxfire           |       |       |    10 |    38 ||    48
         Stone Arrow       |       |       |       |     5 ||     5
  Evoke: Wand              |       |       |     3 |       ||     3
    Use: Potion            |       |     1 |       |       ||     1
   Stab: Confused          |     2 |     3 |     4 |       ||     9
         Sleeping          |       |     1 |       |       ||     1
 Armour: Robe              |    10 |    56 |    88 |    82 ||   236
  Dodge: Dodged            |    14 |    65 |   108 |    89 ||   276

Table legend: (Time is in decaauts)
 A = Elapsed time spent in this place.
 B = Non-inter-level travel time spent in this place.
 C = Inter-level travel time spent in this place.
 D = Time resting spent in this place.
 E = Time spent auto-exploring this place.
 F = Levels seen in this place.
 G = Mean time per level.
                   A        B        C        D        E       F      G
               +--------+--------+--------+--------+--------+-----+--------+
         Total |  11909 |  11715 |    194 |   1366 |   8024 |  11 | 1082.6 |
       Dungeon |  11184 |  10990 |    194 |    958 |   7945 |  10 | 1118.4 |
        Bailey |    725 |    725 |      0 |    407 |     79 |   1 |  725.0 |
               +--------+--------+--------+--------+--------+-----+--------+

Top non-repeatable levels by time:
     D:9: 1682 daAuts
     D:5: 1663 daAuts
     D:4: 1483 daAuts
     D:2: 1399 daAuts
     D:1: 1070 daAuts
     D:8: 1050 daAuts
     D:3: 993 daAuts
     D:6: 963 daAuts
     D:7: 779 daAuts
  Bailey: 725 daAuts
    D:10: 99 daAuts
